 Dungeon Crawl Stone Soup version 0.22.0-6-g71bd7aa6b3 (webtiles) character file.

45 Minion the Firebug (level 3, -3/19 HPs)
             Began as a Gargoyle Fire Elementalist on Aug 16, 2018.
             Shot with an arrow by a centaur (12 damage)
             ... on level 2 of the Dungeon.
             The game lasted 00:02:48 (1069 turns).

Minion the Firebug (Gargoyle Fire Elementalist)     Turns: 1069, Time: 00:02:48

Health: -3/19      AC:  5    Str: 11    XL:     3   Next: 64%
Magic:  5/7        EV: 12    Int: 16    God:
Gold:   32         SH:  0    Dex: 10    Spells: 6/7 levels left

rFire    . . .     SeeInvis .   (no weapon)
rCold    . . .     Gourm    .   (no shield)
rNeg     + . .     Faith    .   a - +0 robe
rPois    ∞         Spirit   .   (no helmet)
rElec    +         Reflect  .   (no cloak)
rCorr    .         Harm     .   (no gloves)
MR       +....                  (no boots)
Stlth    ++........             (no amulet)
HPRegen  0.06/turn              h - ring of protection from magic
MPRegen  0.10/turn              (no ring)

@: no status effects
A: negative energy resistance 1, electricity resistance, unbreathing,
petrification resistance, rot immunity, AC +3
a: no special abilities


You were on level 2 of the Dungeon.
You were hungry.

You visited 1 branch of the dungeon, and saw 2 of its levels.

You collected 32 gold pieces.

Inventory:

Armour
 a - a +0 robe (worn)
Jewellery
 h - a ring of protection from magic (left hand)
Scrolls
 e - 2 scrolls of identify {unknown}
 g - a scroll of remove curse {unknown}
 i - a scroll of amnesia {unknown}
Potions
 b - a potion of lignification {unknown}
 d - a potion of agility {unknown}
 f - a potion of invisibility {unknown}
 j - a potion of cancellation {unknown}
Comestibles
 c - a ration


   Skills:
 - Level 1.5 Dodging
 - Level 2.1 Stealth
 + Level 2.9 Spellcasting
 - Level 1.1 Conjurations
 + Level 3.8 Fire Magic


You had 6 spell levels left.
You knew the following spells:

 Your Spells              Type           Power        Failure   Level  Hunger
a - Flame Tongue          Conj/Fire      ##...        7%          1    #......

Your spell library contained the following spells:

 Spells                   Type           Power        Failure   Level  Hunger
 Fireball                 Conj/Fire      ##........   88%         5    ######.
 Conjure Flame            Conj/Fire      ##......     21%         3    ###....
 Throw Flame              Conj/Fire      ##....       11%         2    ##.....
 Sticky Flame             Conj/Fire      ##......     56%         4    #####..
 Inner Flame              Hex/Fire       #.......     26%         3    ###....


Dungeon Overview and Level Annotations

Branches:
Dungeon (2/15)

Altars:
Ashenzari


Innate Abilities, Weirdness & Mutations

You are resistant to torment.
Your stone body is resilient. (AC +3)
You are immune to poison.
You resist negative energy. (rN+)
You are resistant to electric shocks. (rElec)
You can survive without breathing.
You are immune to petrification.
You are immune to rotting.


Message History

Casting: Flame Tongue (safe; 7% risk of failure)
Confirm with . or Enter, or press ? or * to list all spells.
Aiming: Flame Tongue (safe; 7% risk of failure)
Press: ? - help, Shift-Dir - straight line, f - centaur
Aim: a centaur (resting)
The flame tongue hits the centaur.
The centaur is heavily wounded.
The centaur shouts!
The centaur wields a shortbow.
The centaur shoots an arrow.
The arrow hits you.
Casting: Flame Tongue (safe; 7% risk of failure)
Confirm with . or Enter, or press ? or * to list all spells.
Aiming: Flame Tongue (safe; 7% risk of failure)
Press: ? - help, Shift-Dir - straight line, f/p - centaur
Aim: a centaur, wielding a shortbow (heavily wounded)
The flame tongue hits the centaur.
The centaur appears unharmed.
The centaur is heavily wounded.
The centaur shoots an arrow.
The arrow hits you!
The centaur shoots an arrow.
The arrow hits you!
Ouch! That really hurt!
You die...

###### ##### .....#
....## c....#
###..######### .....#
##.........####.....#
##...........@.##..#
####.##########.(..#
#....# ####.....
#.#### ##.# #.# #
##.# ...# #### #


You could see a centaur.

Vanquished Creatures
  A gnoll (D:1)
  An adder (D:2)
  A leopard gecko (D:1)
  A ball python (D:2)
  5 bats
  2 goblins (D:1)
  5 hobgoblins (D:1)
  2 kobolds (D:1)
  4 frilled lizards
  A rat (D:1)
23 creatures vanquished.

Notes
Turn   | Place    | Note
-------+----------+-------------------------------------------
     0 | D:1      | Minion the Gargoyle Fire Elementalist began the quest for the Orb.
     0 | D:1      | Reached XP level 1. HP: 10/10 MP: 3/3
   113 | D:1      | Found a shattered altar of Ashenzari.
   122 | D:1      | Reached XP level 2. HP: 15/15 MP: 1/5
   604 | D:1      | Reached XP level 3. HP: 19/19 MP: 4/6
  1066 | D:2      | Noticed a centaur
  1069 | D:2      | Shot with an arrow by a centaur

Action                   || total
-------------------------++-------
Melee: Unarmed           ||    18
 Cast: Flame Tongue      ||    40
Armor: Robe              ||     8
Dodge: Dodged            ||    21
